 Dungeon Crawl Stone Soup version 0.27.1-34-g3ba077fa99 (webtiles) character file.

Game seed: 12928993055558413944

34 Delamore the Sneak (level 3, 0/24 HPs)
             Began as an Octopode Brigand on Feb 7, 2022.
             Slain by a bat (1 damage)
             ... on level 2 of the Dungeon.
             The game lasted 00:00:47 (1218 turns).

Delamore the Sneak (Octopode Brigand)               Turns: 1218, Time: 00:00:48

Health: 0/24       AC:  1    Str: 10    XL:     3   Next: 31%
Magic:  3/3        EV: 12    Int: 13    God:
Gold:   0          SH:  0    Dex: 14    Spells: 2/2 levels left

rFire    . . .     SeeInvis .   a - +2 dagger
rCold    . . .     Faith    .   (no shield)
rNeg     . . .     Spirit   .   (helmet restricted)
rPois    .         Reflect  .   (no amulet)
rElec    .         Harm     .   (no ring)
rCorr    .         Rampage  .   (no ring)
Will     .....                  (no ring)
Stlth    ++++......             (no ring)
HPRegen  0.08/turn              (no ring)
MPRegen  0.08/turn              (no ring)
                                (no ring)
                                (no ring)

@: mighty, lethally poisoned (0 -> -1)
A: almost no armour, amphibious, 8 rings, camouflage 1, gelatinous body 1,
(nimble swimmer 1), tentacles
a: no special abilities


You were on level 2 of the Dungeon.
You visited 1 branch of the dungeon, and saw 2 of its levels.

Inventory:

Hand Weapons
 a - a +2 dagger (weapon)
Missiles
 b - 8 poisoned darts (quivered)
 c - 2 curare-tipped darts
Scrolls
 f - 2 scrolls of noise
 g - 2 scrolls of magic mapping
 h - a scroll of summoning


   Skills:
 - Level 2.0 Fighting
 + Level 2.6 Short Blades
 - Level 2.0 Throwing
 - Level 1.0 Dodging
 * Level 6.5 Stealth


You had 2 spell levels left.
You didn't know any spells.
Your spell library was empty.

Dungeon Overview and Level Annotations

Branches:
Dungeon (2/15)

Altars:


Innate Abilities, Weirdness & Mutations

You cannot wear most types of armour.
You are amphibious.
You can wear up to eight rings at the same time.
Your skin changes colour to match your surroundings (Stealth+).
Your rubbery body absorbs attacks. (AC +1, EV +1)
((You are camouflaged near water. (Stealth+)))
You have tentacles for arms and can constrict up to eight enemies at once.


Message History

Search for what [? for help]? sh A gnoll comes into view.
It is wielding a +0 flail.
A ball python comes into view.
An endoplasm comes into view.
The adder hisses angrily.
The gnoll shouts!
The endoplasm quivers.
You closely miss the adder.
The ball python hisses angrily.
You grab the adder. You constrict the adder. The adder bites you.
You are poisoned.
The adder poisons you!
A bat comes into view.
You barely miss the adder.
You squeeze the adder, but do no damage.
The adder is lightly wounded.
You constrict the adder.
You feel sick. The adder bites you.
You hit the adder.
The adder is moderately wounded.
You constrict the adder. The adder misses you.
A gnoll comes into view. It is wielding a +0 spear.
You hit the adder.
You kill the adder!
You feel sick. The gnoll hits you with a +0 flail!
* * * LOW HITPOINT WARNING * * *
The bat hits you.
* * * LOW HITPOINT WARNING * * *
You are too injured to fight recklessly!
You are too injured to fight recklessly!
You are too injured to fight recklessly!
There are monsters nearby!
It was a potion of might.
You feel very mighty all of a sudden.
* * * LOW HITPOINT WARNING * * *
You feel sick. The bat closely misses you. The gnoll closely misses you.
The ball python bites you.
* * * LOW HITPOINT WARNING * * *
The ball python barely misses you.
* * * LOW HITPOINT WARNING * * *
You feel sick. The bat completely misses you. The bat hits you.
You die...

## #.# .#
....... .#?#.
## ... ..#
#.##...##.
#<..# ...
#.#.# ..
#.#+#.#
######@..J.#
......bSg...#
............#
...........##
...........#
..######...#
. #.g.# #...#
#...#


You could see 2 gnolls, an endoplasm, a bat and a ball python.

Vanquished Creatures
  An adder (D:2)
  A dart slug (D:1)
  2 ball pythons (D:1)
  3 endoplasms (D:1)
  A giant cockroach (D:1)
  A goblin (D:1)
  2 hobgoblins (D:1)
  2 quokkas (D:1)
  3 bats (D:1)
  A frilled lizard (D:1)
  A kobold (D:1)
  2 rats (D:1)
20 creatures vanquished.

Notes
Turn   | Place    | Note
-------+----------+-------------------------------------------
     0 | D:1      | Delamore the Octopode Brigand began the quest for the Orb.
     0 | D:1      | Reached XP level 1. HP: 14/14 MP: 1/1
   208 | D:1      | Reached XP level 2. HP: 16/19 MP: 2/2
   262 | D:1      | Found a faded altar of an unknown god.
   298 | D:1      | Reached skill level 6 in Stealth
   918 | D:1      | Reached XP level 3. HP: 24/24 MP: 3/3
  1217 | D:2      | HP: 1/24 [ball python (1)]
  1218 | D:2      | Slain by a bat

Illustrated notes

Levels and vault maps discovered:
D:1:      scummos_arrival_simple_crosswalls, layout_basic,
          shapermc_ecumenical_altar_gd, minmay_stone_trees_small,
          grunt_decor_fettered, hangedman_decor_growths, minmay_tromino_mix6
D:2:      minmay_general_purpose_star, layout_basic, minmay_rat_hole

Skill      XL: |  1  2 |
---------------+-------+-----
Stealth        | 6 |  6.5
Fighting       | |  2.0
Short Blades   | |  2.6
Throwing       | |  2.0
Dodging        | |  1.0

Action                   || total
-------------------------++-------
Melee: Dagger            ||    38
       Constrict         ||     6
       Tentacles         ||     4
  Use: Scroll            ||     3
       Potion            ||     1
 Stab: Sleeping          ||     7
Armor: Skin              ||     2
Dodge: Dodged            ||    33
